 Dungeon Crawl Stone Soup version 0.21.1-1-g345015f (webtiles) character file.

209 Kagorn the Skirmisher (level 5, -3/34 HPs)
             Began as a Gargoyle Fighter on July 22, 2018.
             Slain by an orc warrior
             ... wielding a +0 mace
              (12 damage)
             ... on level 2 of the Dungeon.
             The game lasted 00:07:59 (1473 turns).

Kagorn the Skirmisher (Gargoyle Fighter)            Turns: 1473, Time: 00:08:00

Health: -3/34      AC: 12    Str: 20    XL:     5   Next: 87%
Magic:  14/14      EV:  8    Int:  8    God:
Gold:   95         SH:  9    Dex: 10    Spells: 4/4 levels left

rFire    . . .     SeeInvis .   a - +0 long sword
rCold    . . .     Gourm    .   c - +0 shield
rNeg     + . .     Faith    .   b - +0 scale mail
rPois    ∞         Spirit   .   (no helmet)
rElec    +         Reflect  .   (no cloak)
rCorr    .         Harm     .   n - +0 pair of gloves
MR       .....                  (no boots)
Stlth    ..........             (no amulet)
HPRegen  0.11/turn              g - ring of magical power
MPRegen  0.14/turn              (no ring)

@: no status effects
A: negative energy resistance 1, electricity resistance, unbreathing,
petrification resistance, rot immunity, AC +4
a: no special abilities


You were on level 2 of the Dungeon.
You were hungry.

You visited 1 branch of the dungeon, and saw 3 of its levels.

You collected 95 gold pieces.

Inventory:

Hand Weapons
 a - a +0 long sword (weapon)
Missiles
 j - 84 stones (quivered)
Armour
 b - a +0 scale mail (worn)
 c - a +0 shield (worn)
 n - a +0 pair of gloves (worn)
Jewellery
 g - a ring of magical power (left hand)
Scrolls
 e - 5 scrolls of identify {unknown}
 k - 4 scrolls of teleportation {unknown}
 m - a scroll of random uselessness {unknown}
 p - a scroll of enchant armour {unknown}
Potions
 d - a potion of might
 h - a potion of flight {unknown}
 i - a potion of curing {unknown}
 l - a potion of mutation {unknown}
Comestibles
 f - 11 rations


   Skills:
 * Level 4.6 Fighting
 * Level 3.2 Long Blades
 + Level 3.9 Armour
 + Level 1.3 Dodging
 + Level 4.0 Shields


You had 4 spell levels left.
You didn't know any spells.

Dungeon Overview and Level Annotations

Branches:
Dungeon (3/15)

Altars:
Fedhas


Innate Abilities, Weirdness & Mutations

You are resistant to torment.
Your stone body is resilient. (AC +4)
You are immune to poison.
You resist negative energy. (rN+)
You are resistant to electric shocks. (rElec)
You can survive without breathing.
You are immune to petrification.
You are immune to rotting.


Message History

The orc closely misses you.
You riposte.
You closely miss the orc. The orc hits you but does no damage.
You block the kobold's attack. The orc warrior barely misses you.
You hit the orc warrior but do no damage.
The orc warrior is severely wounded.
The orc hits you but does no damage. You block the orc's attack.
The kobold hits you but does no damage. The orc warrior hits you with a mace.
* * * LOW HITPOINT WARNING * * *
The orc hits you but does no damage. The orc hits you with a short sword.
* * * LOW HITPOINT WARNING * * *
The kobold completely misses you.
Your shield and scale mail prevent you from hitting the orc warrior.
The orc warrior is severely wounded.
The orc warrior hits you but does no damage.
You block the orc's attack. The orc hits you but does no damage.
You block the kobold's attack.
You barely miss the orc warrior.
The orc warrior is severely wounded.
The orc warrior hits you with a mace!
You die...

#######.###.## #.## ##.#
########.###.## #.......#.#.####
#.......##.....##
#.......###.....##
#.......##.......#
#........#.....oo#
#..............K@#
#.........8....o##
##.........#...##
##.........##.## .).....######.#
######## ##.#########
#≈≈≈≈≈≈#####..........#
#≈≈≈.≈≈#......#.##.##.########
'..⌠.≈.'.###.##.##...........####


You could see an orc warrior, 2 orcs and a kobold.

Vanquished Creatures
  A centaur (D:2)
  6 adders (D:2)
  An ooze (D:2)
  3 adder skeletons (D:2)
  A worm (D:2)
  3 dart slugs
  A leopard gecko (D:1)
  A giant cockroach (D:2)
  12 goblins
  6 hobgoblins
  2 quokkas (D:2)
  3 bats (D:2)
  2 frilled lizards
  5 kobolds
  A leopard gecko skeleton (D:2)
  5 rats
53 creatures vanquished.

Notes
Turn   | Place    | Note
-------+----------+-------------------------------------------
     0 | D:1      | Kagorn the Gargoyle Fighter began the quest for the Orb.
     0 | D:1      | Reached XP level 1. HP: 14/14 MP: 1/1
    39 | D:1      | Reached XP level 2. HP: 13/19 MP: 2/2
   328 | D:1      | Reached XP level 3. HP: 22/24 MP: 3/3
   786 | D:2      | Found a faded altar of an unknown god.
   796 | D:2      | Reached XP level 4. HP: 13/29 MP: 4/4
  1033 | D:2      | Reached skill level 1 in Dodging
  1123 | D:2      | Noticed a centaur
  1142 | D:2      | Killed a centaur
  1142 | D:2      | Reached XP level 5. HP: 30/34 MP: 5/5
  1304 | D:2      | Found a blossoming altar of Fedhas.
  1449 | D:3      | Noticed an orc warrior
  1473 | D:2      | Slain by an orc warrior

Skill      XL: |  1  2  3  4  5 |
---------------+----------------+-----
Long Blades    | 2 3 |  3.2
Fighting       | 4 |  4.6
Dodging        | 1 |  1.3
Shields        | 4 |  4.0
Armour         | |  3.9

Action                   |  1- 3 |  4- 6 || total
-------------------------+-------+-------++-------
Melee: Long sword        |   116 |   113 ||   229
  Use: Potion            |       |     1 ||     1
  Eat: Chunk             |       |     2 ||     2
Armor: Scale mail        |    60 |    82 ||   142
Dodge: Dodged            |    30 |    58 ||    88
Block: Shield            |    67 |    74 ||   141
       Rpst.: Long sword |    14 |    16 ||    30
